Bruins vs Blackhawks
Created - 10 mars 2015 at 19:05
Goals
|
Bruins |
2 |
0 |
1 |
0 |
2 |
4 |
Blackhawks |
0 |
1 |
2 |
0 |
0 |
3 |
|
Shots
|
Bruins |
9 |
7 |
3 |
0 |
3 |
19 |
Blackhawks |
7 |
8 |
10 |
0 |
2 |
25 |
|
1st period
1. Bruins , Vitali Yachmenev 15 (Ryan O'Byrne, Eric Lindros) at 9:15 (PP)
2. Bruins , Sydney Crosby 15 (Wojtek Wolski, Brian Rafalski) at 12:34 (SH)
Penalties :
Ryan O'Byrne (Bos) for Charging (Minor) at 0:22, Sheldon Keefe (Chi) for Roughing (Minor) at 8:30, Henrik Zetterberg (Chi) for Interference (Minor) at 9:05, Scottie Upshall (Bos) for Hooking (Minor) at 11:33, Steve McCarthy (Chi) for High sticking (Minor) at 12:55
2nd period
3. Blackhawks , Dominic Moore 17 (Johnny Oduya, Kris Versteeg) at 1:31
Penalties :
Eric Lindros (Bos) for Hooking (Minor) at 9:07, Dominic Moore (Chi) for Cross-checking (Minor) at 10:03
3rd period
4. Blackhawks , Henrik Zetterberg 41 (George Parros, Oleg Kvasha) at 10:07
5. Bruins , Eric Lindros 29 (Wojtek Wolski) at 14:49
6. Blackhawks , Scott Gomez 22 (Henrik Zetterberg, Johnny Oduya) at 15:27
Penalties :
Eric Lindros (Bos) for Hooking (Minor) at 3:48, Sheldon Keefe (Chi) for Roughing (Minor) at 6:25, Dainius Zubrus (Bos) for Holding (Minor) at 11:50, Henrik Zetterberg (Chi) for Hooking (Minor) at 17:00
Overtime #1
No Goal
Penalties :
No Penalty
Shootout
Penalty Shot by Wojtek Wolski for Bruins - Stopped by Roberto Luongo
Penalty Shot by Henrik Zetterberg for Blackhawks - Shot Misses the Net
Penalty Shot by Eric Lindros for Bruins - Goal!
Penalty Shot by Kris Versteeg for Blackhawks - Stopped by Karri Ramo
Penalty Shot by Sydney Crosby for Bruins - Goal!
Penalties :
No Penalty
Goalie Stats
Karri Ramo (Bos), 22 saves from 25 shots - (0,880), W, 7-6-0, 65:00 minutes
Roberto Luongo (Chi), 16 saves from 19 shots - (0,842), OTL, 29-24-8, 65:00 minutes
Players Stats for Bruins
Player Name G A P +/- PIM S H SB GA TA FO MP PP MP PK MP
------------------------------------------------------------------------------------
Andrei Markov 0 0 0 0 0 1 0 1 0 0 0/0 21:01 2:44 3:45
Andrew Alberts 0 0 0 -1 0 1 4 1 0 2 0/0 28:46 6:06 4:30
Brian Rafalski 0 1 1 0 0 0 1 2 0 0 0/0 19:48 2:44 3:42
Christoph Schubert 0 0 0 -1 0 0 1 0 0 0 0/0 6:14 0:00 0:03
Dainius Zubrus 0 0 0 1 2 2 0 0 0 0 0/1 16:23 0:08 1:54
Eric Lindros 1 1 2 -2 4 1 3 4 0 0 14/25 25:17 4:32 3:10
Jason Demers 0 0 0 1 0 1 1 0 0 0 0/0 11:24 0:00 1:12
Mark Stuart 0 0 0 1 0 0 1 0 0 0 0/0 10:12 0:00 0:00
Matt Cooke 0 0 0 -1 0 1 3 0 0 0 0/1 16:51 1:07 1:39
Matt Hendricks 0 0 0 0 0 0 1 1 0 1 1/4 13:36 0:00 1:14
Ryan O'Byrne 0 1 1 -1 2 0 2 2 0 1 0/0 28:26 6:06 3:18
Scottie Upshall 0 0 0 0 2 2 2 0 0 0 0/0 19:53 4:15 2:04
Sydney Crosby 1 0 1 1 0 2 3 0 1 0 3/4 19:24 4:15 1:39
Tom Gilbert 0 0 0 -1 0 0 0 0 0 0 0/0 5:01 0:00 0:00
Victor Oreskovich 0 0 0 0 0 3 0 0 0 0 0/0 14:57 3:16 0:00
Viktor Stalberg 0 0 0 0 0 1 0 0 0 0 0/0 8:46 0:03 0:00
Vitali Yachmenev 1 0 1 -2 0 2 3 0 0 0 0/1 17:16 4:27 0:00
Wojtek Wolski 0 2 2 -1 0 2 1 0 1 0 4/10 26:45 4:27 4:50
Players Stats for Blackhawks
Player Name G A P +/- PIM S H SB GA TA FO MP PP MP PK MP
------------------------------------------------------------------------------------
Chris Campoli 0 0 0 -1 0 2 2 0 0 1 0/0 24:06 2:56 3:18
Chris Higgins 0 0 0 0 0 1 3 0 1 0 0/0 13:03 0:02 1:59
Daniel Carcillo 0 0 0 0 0 1 2 0 0 0 3/5 12:00 0:00 3:16
Dominic Moore 1 0 1 0 2 1 1 0 0 0 3/6 14:43 3:37 1:05
Drew Larman 0 0 0 0 0 2 0 0 0 0 2/3 7:47 0:00 0:27
George Parros 0 1 1 1 0 1 2 0 0 0 2/2 22:04 4:35 1:45
Henrik Zetterberg 1 1 2 1 4 1 0 1 1 0 3/8 24:10 4:37 2:28
Jamie Langenbrunner 0 0 0 0 0 0 2 2 0 0 0/0 13:30 3:38 0:00
Jeff Schultz 0 0 0 -1 0 0 2 0 0 0 0/0 23:12 2:56 3:06
John Carlson 0 0 0 1 0 0 0 1 0 0 0/0 13:01 0:08 0:38
Johnny Oduya 0 2 2 1 0 1 2 0 0 0 0/0 29:34 5:11 5:42
Kris Versteeg 0 1 1 0 0 4 0 0 0 0 0/0 21:30 3:38 4:44
Oleg Kvasha 0 1 1 0 0 0 1 0 0 0 2/2 11:24 0:00 0:00
Scott Gomez 1 0 1 1 0 4 1 0 0 0 9/20 22:08 4:37 1:45
Sheldon Keefe 0 0 0 0 4 2 1 0 0 0 0/0 9:37 0:00 0:00
Steve Bernier 0 0 0 0 0 2 2 0 0 0 0/0 7:19 0:00 0:00
Steve McCarthy 0 0 0 1 2 3 1 1 1 1 0/0 27:15 5:10 4:54
Wes O'Neill 0 0 0 1 0 0 0 0 1 0 0/0 12:51 0:08 0:02
3 Stars
1 - Sydney Crosby (Bos)
2 - Johnny Oduya (Chi)
3 - Scott Gomez (Chi)
Power Play
Bruins - 1 on 6 Attempt(s) - 16,67%
Blackhawks - 0 on 5 Attempt(s) - 0,00%
Penalty Kill
Bruins - 5 on 5 Attempt(s) - 100,00%
- Score 1 goal in Penalty Kill
Blackhawks - 5 on 6 Attempt(s) - 83,33%
- Score 0 goal in Penalty Kill
Team Stat
Bruins - Hits : 26 - Faceoff Wins : 22 - Blocked Shots : 11 - Penalty Minutes : 10
Blackhawks - Hits : 22 - Faceoff Wins : 24 - Blocked Shots : 5 - Penalty Minutes : 12
Official
Referees : McCreary Bill and Peel Tim
Linesman : Jonny Murray and Mark Shewchyk
Game Notes
No Game Note
Finance
Level 1 -- Attendance: 4397 (73,28%) -- Ticket Income 386 936 $
Level 2 -- Attendance: 4030 (80,60%) -- Ticket Income 213 590 $
Level 3 -- Attendance: 1412 (70,60%) -- Ticket Income 48 008 $
Level 4 -- Attendance: 2999 (74,98%) -- Ticket Income 65 978 $
Luxury Box -- Attendance: 1000 (100,00%) -- Ticket Income 165 000 $
Game was played at the Chicago Stadium'
Total Attendance: 13838 (76,88%)
Total Ticket Income: 879 512 $
Other Income: 131 927 $
Total Income: 1 011 439 $
Bruins
5 vs 5 Forward
Center Left Wing Right Wing Time % Phy DF OF
1 Eric Lindros Wojtek Wolski Vitali Yachmenev 40 1 2 2
2 Sydney Crosby Scottie Upshall Victor Oreskovich 30 1 2 2
3 Matt Hendricks Matt Cooke Dainius Zubrus 20 1 2 2
4 Wojtek Wolski Viktor Stalberg Eric Lindros 10 1 2 2
5 vs 5 Defense
Defense Defense Time % Phy DF OF
1 Andrew Alberts Ryan O'Byrne 40 1 2 2
2 Andrei Markov Brian Rafalski 30 1 2 2
3 Mark Stuart Jason Demers 20 1 2 2
4 Christoph Schubert Tom Gilbert 10 1 2 2
PowerPlay Forward
Center Left Wing Right Wing Time % Phy DF OF
1 Eric Lindros Wojtek Wolski Vitali Yachmenev 60 1 2 2
2 Sydney Crosby Scottie Upshall Victor Oreskovich 40 1 2 2
PowerPlay Defense
Defense Defense Time % Phy DF OF
1 Andrew Alberts Ryan O'Byrne 60 1 2 2
2 Andrei Markov Brian Rafalski 40 1 2 2
Penalty Kill 4 Players Forward
Center Wing Time % Phy DF OF
1 Wojtek Wolski Eric Lindros 60 1 2 2
2 Sydney Crosby Scottie Upshall 40 1 2 2
Penalty Kill 4 Players Defense
Defense Defense Time % Phy DF OF
1 Andrew Alberts Ryan O'Byrne 60 1 2 2
2 Andrei Markov Brian Rafalski 40 1 2 2
Penalty Kill - 3 Players Forward
Forward Time % Phy DF OF
1 Wojtek Wolski 60 1 2 2
2 Eric Lindros 40 1 2 2
Penalty Kill - 3 Players Defense
Defense Defense Time % Phy DF OF
1 Andrew Alberts Ryan O'Byrne 60 1 2 2
2 Andrei Markov Brian Rafalski 40 1 2 2
4 vs 4 Forward
Center Wing Time % Phy DF OF
1 Wojtek Wolski Eric Lindros 60 1 2 2
2 Sydney Crosby Scottie Upshall 40 1 2 2
4 vs 4 Defense
Defense Defense Time % Phy DF OF
1 Andrew Alberts Ryan O'Byrne 60 1 2 2
2 Andrei Markov Brian Rafalski 40 1 2 2
Last Minutes Offensive
Center Left Wing Right Wing Defense Defense
Eric Lindros Wojtek Wolski Vitali Yachmenev Andrew Alberts Ryan O'Byrne
Last Minutes Defensive
Center Left Wing Right Wing Defense Defense
Eric Lindros Wojtek Wolski Vitali Yachmenev Andrew Alberts Ryan O'Byrne
Goaltenders
Starting : Karri Ramo
Backup : Nikolai Khabibulin
Extra Forwards
Normal : Matt Cooke, Viktor Stalberg, Dainius Zubrus - PP : Matt Cooke, Viktor Stalberg - PK : Dainius Zubrus
Extra Defensemen
Normal : Mark Stuart, Jason Demers, Christoph Schubert - PP : Mark Stuart - PK : Jason Demers, Christoph Schubert
Penalty Shots
Wojtek Wolski, Eric Lindros, Sydney Crosby, Scottie Upshall, Matt Cooke
Blackhawks
5 vs 5 Forward
Center Left Wing Right Wing Time % Phy DF OF
1 Scott Gomez Henrik Zetterberg George Parros 40 1 2 2
2 Dominic Moore Kris Versteeg Jamie Langenbrunner 30 1 2 2
3 Oleg Kvasha Chris Higgins Sheldon Keefe 20 1 2 2
4 Drew Larman Daniel Carcillo Steve Bernier 10 1 2 2
5 vs 5 Defense
Defense Defense Time % Phy DF OF
1 Johnny Oduya Steve McCarthy 40 1 2 2
2 Jeff Schultz Chris Campoli 30 1 2 2
3 Wes O'Neill John Carlson 20 1 2 2
4 Johnny Oduya Steve McCarthy 10 1 2 2
PowerPlay Forward
Center Left Wing Right Wing Time % Phy DF OF
1 Scott Gomez Henrik Zetterberg George Parros 60 1 2 2
2 Dominic Moore Kris Versteeg Jamie Langenbrunner 40 1 2 2
PowerPlay Defense
Defense Defense Time % Phy DF OF
1 Johnny Oduya Steve McCarthy 60 1 2 2
2 Jeff Schultz Chris Campoli 40 1 2 2
Penalty Kill 4 Players Forward
Center Wing Time % Phy DF OF
1 Henrik Zetterberg Kris Versteeg 60 1 2 2
2 George Parros Scott Gomez 40 1 2 2
Penalty Kill 4 Players Defense
Defense Defense Time % Phy DF OF
1 Johnny Oduya Steve McCarthy 60 1 2 2
2 Jeff Schultz Chris Campoli 40 1 2 2
Penalty Kill - 3 Players Forward
Forward Time % Phy DF OF
1 Henrik Zetterberg 60 1 2 2
2 Kris Versteeg 40 1 2 2
Penalty Kill - 3 Players Defense
Defense Defense Time % Phy DF OF
1 Johnny Oduya Steve McCarthy 60 1 2 2
2 Jeff Schultz Chris Campoli 40 1 2 2
4 vs 4 Forward
Center Wing Time % Phy DF OF
1 Henrik Zetterberg Kris Versteeg 60 1 2 2
2 George Parros Scott Gomez 40 1 2 2
4 vs 4 Defense
Defense Defense Time % Phy DF OF
1 Johnny Oduya Steve McCarthy 60 1 2 2
2 Jeff Schultz Chris Campoli 40 1 2 2
Last Minutes Offensive
Center Left Wing Right Wing Defense Defense
Scott Gomez Henrik Zetterberg George Parros Johnny Oduya Steve McCarthy
Last Minutes Defensive
Center Left Wing Right Wing Defense Defense
Scott Gomez Henrik Zetterberg George Parros Johnny Oduya Steve McCarthy
Goaltenders
Starting : Roberto Luongo
Backup : Jocelyn Thibault
Extra Forwards
Normal : Chris Higgins, Oleg Kvasha, Daniel Carcillo - PP : Chris Higgins, Oleg Kvasha - PK : Daniel Carcillo
Extra Defensemen
Normal : Wes O'Neill, John Carlson, Jeff Schultz - PP : Wes O'Neill - PK : John Carlson, Jeff Schultz
Penalty Shots
Henrik Zetterberg, Kris Versteeg, George Parros, Scott Gomez, Jamie Langenbrunner
% Time on Ice - Bruins
Lines # - Real PCT - Wanted PCT - Time Play
Normal Forward
1 - 34% - 40% - 14:12
2 - 29% - 30% - 11:57
3 - 28% - 20% - 11:21
4 - 9% - 10% - 3:45
Normal Defense
1 - 39% - 40% - 15:59
2 - 26% - 30% - 10:44
3 - 23% - 20% - 9:31
4 - 12% - 10% - 5:01
PP Forward
1 - 52% - 60% - 4:35
2 - 48% - 40% - 4:15
PP Defense
1 - 69% - 60% - 6:06
2 - 31% - 40% - 2:44
PK Forward
1 - 80% - 60% - 6:36
2 - 20% - 40% - 1:39
PK Defense
1 - 55% - 60% - 4:33
2 - 45% - 40% - 3:42
PK3 Forward
1 - 0% - 60%
2 - 0% - 40%
PK3 Defense
1 - 0% - 60%
2 - 0% - 40%
44 Forward
1 - 78% - 60% - 5:13
2 - 22% - 40% - 1:27
44 Defense
1 - 61% - 60% - 4:02
2 - 40% - 40% - 2:38
Last Minute Offensive - 0:00
Last Minute Defensive - 0:00
Total
Forward - 65:00
Defense - 65:00
|
% Time on Ice - Blackhawks
Lines # - Real PCT - Wanted PCT - Time Play
Normal Forward
1 - 35% - 40% - 14:34
2 - 24% - 30% - 9:49
3 - 23% - 20% - 9:33
4 - 18% - 10% - 7:19
Normal Defense
1 - 37% - 40% - 15:17
2 - 35% - 30% - 14:34
3 - 28% - 20% - 11:24
4 - 0% - 10% - 0:00
PP Forward
1 - 56% - 60% - 4:37
2 - 44% - 40% - 3:38
PP Defense
1 - 64% - 60% - 5:19
2 - 36% - 40% - 2:56
PK Forward
1 - 80% - 60% - 6:55
2 - 20% - 40% - 1:45
PK Defense
1 - 64% - 60% - 5:34
2 - 36% - 40% - 3:06
PK3 Forward
1 - 100% - 60% - 0:10
2 - 0% - 40% - 0:00
PK3 Defense
1 - 100% - 60% - 0:10
2 - 0% - 40% - 0:00
44 Forward
1 - 74% - 60% - 4:55
2 - 26% - 40% - 1:45
44 Defense
1 - 57% - 60% - 3:47
2 - 43% - 40% - 2:53
Last Minute Offensive - 0:00
Last Minute Defensive - 0:00
Total
Forward - 65:00
Defense - 65:00
|
Play by Play
1st period
0:01 of 1st period - Scott Gomez wins face-off versus Eric Lindros in neutral zone.
0:10 of 1st period - Wrist shot by Scott Gomez.
0:10 of 1st period - Stopped by Karri Ramo with a rebound.
0:22 of 1st period - Minor Penalty to Ryan O'Byrne for Charging.
0:23 of 1st period - George Parros wins face-off versus Wojtek Wolski in Bruins zone.
0:47 of 1st period - Jason Demers is hit by Jamie Langenbrunner and loses puck.
2:22 of 1st period - Penalty to Ryan O'Byrne is over, Ryan O'Byrne is back on ice.
2:45 of 1st period - Snap shot by Dainius Zubrus.
2:45 of 1st period - Stopped by Roberto Luongo with a rebound.
2:53 of 1st period - Wrist shot by Wojtek Wolski.
2:53 of 1st period - Shot Blocked by John Carlson.
3:48 of 1st period - Jeff Schultz is hit by Matt Cooke and loses puck.
4:13 of 1st period - Viktor Stalberg is hit by George Parros and loses puck.
4:18 of 1st period - Wrist shot by Henrik Zetterberg.
4:18 of 1st period - Shot Blocked by Eric Lindros.
4:33 of 1st period - Oleg Kvasha is hit by Vitali Yachmenev and loses puck.
5:38 of 1st period - Tom Gilbert is hit by Jeff Schultz and loses puck.
7:21 of 1st period - Icing by John Carlson.
7:22 of 1st period - Oleg Kvasha wins face-off versus Eric Lindros in Blackhawks zone.
7:48 of 1st period - Slapshot by Kris Versteeg.
7:48 of 1st period - Stopped by Karri Ramo without a rebound.
7:49 of 1st period - Scott Gomez wins face-off versus Matt Cooke in Bruins zone.
8:00 of 1st period - Wrist shot by George Parros.
8:00 of 1st period - Stopped by Karri Ramo without a rebound.
8:01 of 1st period - Eric Lindros wins face-off versus Scott Gomez in Bruins zone.
8:30 of 1st period - Minor Penalty to Sheldon Keefe for Roughing.
8:31 of 1st period - Sydney Crosby wins face-off versus Henrik Zetterberg in Blackhawks zone.
8:43 of 1st period - Snap shot by Victor Oreskovich.
8:43 of 1st period - Deflect By Scottie Upshall.
8:43 of 1st period - Shot Blocked by Henrik Zetterberg.
8:43 of 1st period - Puck is out of play.
8:44 of 1st period - Eric Lindros wins face-off versus Henrik Zetterberg in Blackhawks zone.
9:05 of 1st period - Minor Penalty to Henrik Zetterberg for Interference.
9:06 of 1st period - Eric Lindros wins face-off versus Daniel Carcillo in Blackhawks zone.
9:13 of 1st period - Snap shot by Eric Lindros.
9:13 of 1st period - Shot Misses the Net.
9:15 of 1st period - Wrist shot by Ryan O'Byrne.
9:15 of 1st period - Deflect By Vitali Yachmenev.
9:15 of 1st period - Goal by Vitali Yachmenev - Bruins : 1 - Blackhawks : 0.
9:16 of 1st period - Daniel Carcillo wins face-off versus Eric Lindros in neutral zone.
10:13 of 1st period - Snap shot by Victor Oreskovich.
10:13 of 1st period - Stopped by Roberto Luongo without a rebound.
10:14 of 1st period - Eric Lindros wins face-off versus Daniel Carcillo in Blackhawks zone.
10:30 of 1st period - Icing by Eric Lindros.
10:31 of 1st period - Daniel Carcillo wins face-off versus Eric Lindros in Bruins zone.
11:04 of 1st period - Snap shot by Vitali Yachmenev.
11:04 of 1st period - Stopped by Roberto Luongo with a rebound.
11:05 of 1st period - Penalty to Henrik Zetterberg is over, Henrik Zetterberg is back on ice.
11:06 of 1st period - Slapshot by Brian Rafalski.
11:06 of 1st period - Shot Misses the Net.
11:08 of 1st period - Snap shot by Vitali Yachmenev.
11:08 of 1st period - Deflect By Eric Lindros.
11:08 of 1st period - Shot Misses the Net.
11:08 of 1st period - Puck is out of play.
11:09 of 1st period - Sydney Crosby wins face-off versus Scott Gomez in Blackhawks zone.
11:25 of 1st period - Wrist shot by Victor Oreskovich.
11:25 of 1st period - Stopped by Roberto Luongo with a rebound.
11:33 of 1st period - Minor Penalty to Scottie Upshall for Hooking.
11:34 of 1st period - Wojtek Wolski wins face-off versus Scott Gomez in Bruins zone.
11:49 of 1st period - Slapshot by Scott Gomez.
11:49 of 1st period - Stopped by Karri Ramo without a rebound.
11:50 of 1st period - Wojtek Wolski wins face-off versus Scott Gomez in Bruins zone.
12:01 of 1st period - Wrist shot by Scott Gomez.
12:01 of 1st period - Shot Blocked by Eric Lindros.
12:03 of 1st period - Snap shot by Johnny Oduya.
12:03 of 1st period - Shot Misses the Net.
12:34 of 1st period - Slapshot by Sydney Crosby.
12:34 of 1st period - Goal by Sydney Crosby - Bruins : 2 - Blackhawks : 0.
12:35 of 1st period - Scott Gomez wins face-off versus Wojtek Wolski in neutral zone.
12:55 of 1st period - Minor Penalty to Steve McCarthy for High sticking.
12:56 of 1st period - Wojtek Wolski wins face-off versus Henrik Zetterberg in Blackhawks zone.
13:33 of 1st period - Penalty to Scottie Upshall is over, Scottie Upshall is back on ice.
13:51 of 1st period - Snap shot by Sydney Crosby.
13:51 of 1st period - Shot Misses the Net.
14:11 of 1st period - Wrist shot by Sydney Crosby.
14:11 of 1st period - Stopped by Roberto Luongo with a rebound.
14:21 of 1st period - Slapshot by Andrew Alberts.
14:21 of 1st period - Shot Misses the Net.
14:55 of 1st period - Penalty to Steve McCarthy is over, Steve McCarthy is back on ice.
15:09 of 1st period - Snap shot by Andrei Markov.
15:09 of 1st period - Shot Misses the Net.
15:11 of 1st period - Snap shot by Viktor Stalberg.
15:11 of 1st period - Stopped by Roberto Luongo with a rebound.
15:13 of 1st period - Snap shot by Jason Demers.
15:13 of 1st period - Stopped by Roberto Luongo with a rebound.
15:19 of 1st period - Dainius Zubrus is hit by Chris Campoli and loses puck.
15:38 of 1st period - Snap shot by Sheldon Keefe.
15:38 of 1st period - Stopped by Karri Ramo without a rebound.
15:39 of 1st period - Scott Gomez wins face-off versus Vitali Yachmenev in Bruins zone.
17:33 of 1st period - Scott Gomez is hit by Christoph Schubert and loses puck.
17:56 of 1st period - Wrist shot by Daniel Carcillo.
17:56 of 1st period - Shot Blocked by Brian Rafalski.
17:58 of 1st period - Snap shot by Drew Larman.
17:58 of 1st period - Stopped by Karri Ramo with a rebound.
18:00 of 1st period - Snap shot by Drew Larman.
18:00 of 1st period - Shot Blocked by Eric Lindros.
18:02 of 1st period - Slapshot by Steve Bernier.
18:02 of 1st period - Stopped by Karri Ramo without a rebound.
18:03 of 1st period - Dominic Moore wins face-off versus Matt Hendricks in Bruins zone.
18:04 of 1st period - Snap shot by Kris Versteeg.
18:04 of 1st period - Shot Blocked by Matt Hendricks.
18:29 of 1st period - Scott Gomez is hit by Andrew Alberts and loses puck.
18:40 of 1st period - Scottie Upshall is hit by George Parros and loses puck.
18:53 of 1st period - Jeff Schultz is hit by Vitali Yachmenev and loses puck.
19:53 of 1st period - Kris Versteeg is hit by Eric Lindros and loses puck.
Goals for this period are 2 for Bruins vs 0 for Blackhawks.
Shots for this period are 9 for Bruins vs 7 for Blackhawks.
2nd period
0:01 of 2nd period - Wojtek Wolski wins face-off versus Scott Gomez in neutral zone.
0:08 of 2nd period - Snap shot by Eric Lindros.
0:08 of 2nd period - Shot Misses the Net.
0:10 of 2nd period - Wrist shot by Wojtek Wolski.
0:10 of 2nd period - Shot Misses the Net.
1:08 of 2nd period - Matt Cooke is hit by Scott Gomez and loses puck.
1:17 of 2nd period - Snap shot by Matt Cooke.
1:17 of 2nd period - Shot Misses the Net.
1:19 of 2nd period - Snap shot by Matt Cooke.
1:19 of 2nd period - Stopped by Roberto Luongo with a rebound.
1:21 of 2nd period - Snap shot by Andrei Markov.
1:21 of 2nd period - Stopped by Roberto Luongo without a rebound.
1:22 of 2nd period - Dominic Moore wins face-off versus Eric Lindros in Blackhawks zone.
1:31 of 2nd period - Wrist shot by Dominic Moore.
1:31 of 2nd period - Goal by Dominic Moore - Bruins : 2 - Blackhawks : 1.
1:32 of 2nd period - Henrik Zetterberg wins face-off versus Eric Lindros in neutral zone.
1:35 of 2nd period - Snap shot by Henrik Zetterberg.
1:35 of 2nd period - Shot Blocked by Andrei Markov.
1:47 of 2nd period - Slapshot by Eric Lindros.
1:47 of 2nd period - Shot Misses the Net.
2:02 of 2nd period - Snap shot by Sydney Crosby.
2:02 of 2nd period - Shot Blocked by Jamie Langenbrunner.
2:08 of 2nd period - Slapshot by Steve McCarthy.
2:08 of 2nd period - Stopped by Karri Ramo without a rebound.
2:09 of 2nd period - Eric Lindros wins face-off versus Scott Gomez in Bruins zone.
2:39 of 2nd period - Kris Versteeg is hit by Sydney Crosby.
2:53 of 2nd period - Chris Higgins is hit by Ryan O'Byrne and loses puck.
2:58 of 2nd period - Wrist shot by Dainius Zubrus.
2:58 of 2nd period - Stopped by Roberto Luongo without a rebound.
2:59 of 2nd period - Scott Gomez wins face-off versus Wojtek Wolski in Blackhawks zone.
3:24 of 2nd period - Andrei Markov is hit by Steve McCarthy.
3:49 of 2nd period - Matt Cooke is hit by Sheldon Keefe and loses puck.
4:17 of 2nd period - Jeff Schultz is hit by Sydney Crosby and loses puck.
4:32 of 2nd period - Slapshot by Kris Versteeg.
4:32 of 2nd period - Shot Blocked by Ryan O'Byrne.
4:44 of 2nd period - Snap shot by Daniel Carcillo.
4:44 of 2nd period - Shot Blocked by Ryan O'Byrne.
4:46 of 2nd period - Slapshot by Chris Campoli.
4:46 of 2nd period - Shot Blocked by Eric Lindros.
4:48 of 2nd period - Slapshot by Steve Bernier.
4:48 of 2nd period - Shot Misses the Net.
4:52 of 2nd period - Wrist shot by Steve Bernier.
4:52 of 2nd period - Shot Misses the Net.
4:54 of 2nd period - Wrist shot by Drew Larman.
4:54 of 2nd period - Shot Misses the Net.
6:44 of 2nd period - Wrist shot by Jamie Langenbrunner.
6:44 of 2nd period - Shot Misses the Net.
6:46 of 2nd period - Snap shot by Jamie Langenbrunner.
6:46 of 2nd period - Shot Misses the Net.
6:48 of 2nd period - Slapshot by Steve McCarthy.
6:48 of 2nd period - Shot Blocked by Brian Rafalski.
6:50 of 2nd period - Snap shot by Kris Versteeg.
6:50 of 2nd period - Shot Misses the Net.
6:52 of 2nd period - Wrist shot by Kris Versteeg.
6:52 of 2nd period - Stopped by Karri Ramo without a rebound.
6:53 of 2nd period - Sydney Crosby wins face-off versus Scott Gomez in Bruins zone.
7:06 of 2nd period - Snap shot by Scottie Upshall.
7:06 of 2nd period - Stopped by Roberto Luongo without a rebound.
7:07 of 2nd period - Eric Lindros wins face-off versus Scott Gomez in Blackhawks zone.
7:10 of 2nd period - Snap shot by Wojtek Wolski.
7:10 of 2nd period - Stopped by Roberto Luongo with a rebound.
7:20 of 2nd period - Snap shot by Henrik Zetterberg.
7:20 of 2nd period - Shot Misses the Net.
7:26 of 2nd period - George Parros is hit by Wojtek Wolski and loses puck.
7:45 of 2nd period - Snap shot by Scottie Upshall.
7:45 of 2nd period - Stopped by Roberto Luongo with a rebound.
7:47 of 2nd period - Slapshot by Victor Oreskovich.
7:47 of 2nd period - Stopped by Roberto Luongo with a rebound.
7:57 of 2nd period - Matt Cooke is hit by Chris Higgins and loses puck.
8:04 of 2nd period - Slapshot by Chris Higgins.
8:04 of 2nd period - Stopped by Karri Ramo with a rebound.
8:32 of 2nd period - Slapshot by Steve McCarthy.
8:32 of 2nd period - Stopped by Karri Ramo with a rebound.
8:34 of 2nd period - Backhand shot by Jamie Langenbrunner.
8:34 of 2nd period - Shot Misses the Net.
9:07 of 2nd period - Minor Penalty to Eric Lindros for Hooking.
9:08 of 2nd period - Scott Gomez wins face-off versus Wojtek Wolski in Bruins zone.
10:03 of 2nd period - Minor Penalty to Dominic Moore for Cross-checking.
10:04 of 2nd period - Henrik Zetterberg wins face-off versus Wojtek Wolski in Blackhawks zone.
11:02 of 2nd period - Dainius Zubrus is hit by Jeff Schultz and loses puck.
11:07 of 2nd period - Penalty to Eric Lindros is over, Eric Lindros is back on ice.
12:03 of 2nd period - Penalty to Dominic Moore is over, Dominic Moore is back on ice.
12:16 of 2nd period - Slapshot by Chris Campoli.
12:16 of 2nd period - Stopped by Karri Ramo with a rebound.
12:36 of 2nd period - Matt Hendricks is hit by Daniel Carcillo and loses puck.
12:43 of 2nd period - Snap shot by Steve Bernier.
12:43 of 2nd period - Stopped by Karri Ramo with a rebound.
13:05 of 2nd period - Snap shot by Chris Higgins.
13:05 of 2nd period - Deflect By Scott Gomez.
13:05 of 2nd period - Stopped by Karri Ramo with a rebound.
13:07 of 2nd period - Wrist shot by Oleg Kvasha.
13:07 of 2nd period - Shot Misses the Net.
15:20 of 2nd period - Snap shot by Kris Versteeg.
15:20 of 2nd period - Shot Misses the Net.
16:23 of 2nd period - Snap shot by Sheldon Keefe.
16:23 of 2nd period - Shot Misses the Net.
16:47 of 2nd period - Andrei Markov is hit by Jamie Langenbrunner.
17:54 of 2nd period - Icing by Steve Bernier.
17:55 of 2nd period - Eric Lindros wins face-off versus Dominic Moore in Blackhawks zone.
19:57 of 2nd period - Tom Gilbert is hit by Steve Bernier and loses puck.
Goals for this period are 0 for Bruins vs 1 for Blackhawks.
Shots for this period are 7 for Bruins vs 8 for Blackhawks.
3rd period
0:01 of 3rd period - Eric Lindros wins face-off versus Scott Gomez in neutral zone.
0:35 of 3rd period - Slapshot by Sydney Crosby.
0:35 of 3rd period - Shot Misses the Net.
1:07 of 3rd period - Snap shot by Johnny Oduya.
1:07 of 3rd period - Stopped by Karri Ramo without a rebound.
1:08 of 3rd period - Drew Larman wins face-off versus Eric Lindros in Bruins zone.
1:15 of 3rd period - Snap shot by Daniel Carcillo.
1:15 of 3rd period - Stopped by Karri Ramo with a rebound.
1:17 of 3rd period - Backhand shot by Drew Larman.
1:17 of 3rd period - Stopped by Karri Ramo with a rebound.
1:23 of 3rd period - Snap shot by Steve Bernier.
1:23 of 3rd period - Shot Misses the Net.
1:33 of 3rd period - Scott Gomez is hit by Jason Demers and loses puck.
2:54 of 3rd period - Brian Rafalski is hit by Steve Bernier.
3:28 of 3rd period - Slapshot by Chris Campoli.
3:28 of 3rd period - Stopped by Karri Ramo without a rebound.
3:29 of 3rd period - Dominic Moore wins face-off versus Matt Hendricks in Bruins zone.
3:38 of 3rd period - Dominic Moore is hit by Andrew Alberts and loses puck.
3:48 of 3rd period - Minor Penalty to Eric Lindros for Hooking.
3:49 of 3rd period - Scott Gomez wins face-off versus Dainius Zubrus in Bruins zone.
3:53 of 3rd period - Snap shot by Scott Gomez.
3:53 of 3rd period - Shot Blocked by Andrew Alberts.
3:55 of 3rd period - Snap shot by Scott Gomez.
3:55 of 3rd period - Shot Misses the Net.
3:59 of 3rd period - Wrist shot by Scott Gomez.
3:59 of 3rd period - Shot Misses the Net.
4:01 of 3rd period - Snap shot by Steve McCarthy.
4:01 of 3rd period - Stopped by Karri Ramo with a rebound.
4:03 of 3rd period - Wrist shot by Henrik Zetterberg.
4:03 of 3rd period - Shot Misses the Net.
4:05 of 3rd period - Snap shot by Henrik Zetterberg.
4:05 of 3rd period - Shot Misses the Net.
4:19 of 3rd period - Steve McCarthy is hit by Matt Cooke and loses puck.
4:54 of 3rd period - Matt Hendricks is hit by Johnny Oduya and loses puck.
5:48 of 3rd period - Penalty to Eric Lindros is over, Eric Lindros is back on ice.
6:25 of 3rd period - Minor Penalty to Sheldon Keefe for Roughing.
6:26 of 3rd period - Eric Lindros wins face-off versus Henrik Zetterberg in Blackhawks zone.
6:28 of 3rd period - Slapshot by Wojtek Wolski.
6:28 of 3rd period - Deflect By Eric Lindros.
6:28 of 3rd period - Shot Blocked by Steve McCarthy.
6:28 of 3rd period - Puck is out of play.
6:29 of 3rd period - Eric Lindros wins face-off versus Henrik Zetterberg in Blackhawks zone.
6:44 of 3rd period - Wrist shot by Wojtek Wolski.
6:44 of 3rd period - Stopped by Roberto Luongo with a rebound.
6:56 of 3rd period - Johnny Oduya is hit by Sydney Crosby.
7:59 of 3rd period - Ryan O'Byrne is hit by Chris Higgins and loses puck.
8:12 of 3rd period - Johnny Oduya is hit by Vitali Yachmenev.
8:25 of 3rd period - Penalty to Sheldon Keefe is over, Sheldon Keefe is back on ice.
8:40 of 3rd period - Snap shot by Dainius Zubrus.
8:40 of 3rd period - Shot Misses the Net.
9:02 of 3rd period - Snap shot by Oleg Kvasha.
9:02 of 3rd period - Shot Misses the Net.
9:04 of 3rd period - Backhand shot by Oleg Kvasha.
9:04 of 3rd period - Shot Misses the Net.
9:36 of 3rd period - Wojtek Wolski is hit by Dominic Moore and loses puck.
9:53 of 3rd period - Scottie Upshall is hit by Chris Higgins.
10:07 of 3rd period - Slapshot by Henrik Zetterberg.
10:07 of 3rd period - Goal by Henrik Zetterberg - Bruins : 2 - Blackhawks : 2.
10:08 of 3rd period - Scott Gomez wins face-off versus Eric Lindros in neutral zone.
10:20 of 3rd period - Steve McCarthy is hit by Eric Lindros and loses puck.
10:33 of 3rd period - Scott Gomez is hit by Matt Cooke.
10:52 of 3rd period - Icing by Chris Campoli.
10:53 of 3rd period - George Parros wins face-off versus Sydney Crosby in Blackhawks zone.
11:02 of 3rd period - Wrist shot by Scottie Upshall.
11:02 of 3rd period - Shot Hit the Post.
11:04 of 3rd period - Slapshot by Victor Oreskovich.
11:04 of 3rd period - Deflect By Scottie Upshall.
11:04 of 3rd period - Shot Misses the Net.
11:04 of 3rd period - Puck is out of play.
11:05 of 3rd period - Eric Lindros wins face-off versus Dominic Moore in Blackhawks zone.
11:08 of 3rd period - Snap shot by Eric Lindros.
11:08 of 3rd period - Shot Blocked by Jamie Langenbrunner.
11:20 of 3rd period - Wrist shot by Kris Versteeg.
11:20 of 3rd period - Stopped by Karri Ramo with a rebound.
11:30 of 3rd period - Steve McCarthy is hit by Andrew Alberts and loses puck.
11:39 of 3rd period - Wrist shot by Sheldon Keefe.
11:39 of 3rd period - Stopped by Karri Ramo with a rebound.
11:50 of 3rd period - Minor Penalty to Dainius Zubrus for Holding.
11:51 of 3rd period - Eric Lindros wins face-off versus Scott Gomez in Bruins zone.
11:51 of 3rd period - Eric Lindros is hit by Johnny Oduya.
13:50 of 3rd period - Penalty to Dainius Zubrus is over, Dainius Zubrus is back on ice.
14:09 of 3rd period - Off-side.
14:10 of 3rd period - Matt Hendricks wins face-off versus Drew Larman in neutral zone.
14:13 of 3rd period - Slapshot by Andrew Alberts.
14:13 of 3rd period - Deflect By Dainius Zubrus.
14:13 of 3rd period - Shot Hit the Post.
14:13 of 3rd period - Puck is out of play.
14:14 of 3rd period - Drew Larman wins face-off versus Matt Hendricks in Blackhawks zone.
14:45 of 3rd period - Wrist shot by Eric Lindros.
14:45 of 3rd period - Shot Misses the Net.
14:47 of 3rd period - Slapshot by Andrew Alberts.
14:47 of 3rd period - Stopped by Roberto Luongo without a rebound.
14:48 of 3rd period - Eric Lindros wins face-off versus Dominic Moore in Blackhawks zone.
14:49 of 3rd period - Snap shot by Wojtek Wolski.
14:49 of 3rd period - Deflect By Eric Lindros.
14:49 of 3rd period - Goal by Eric Lindros - Bruins : 3 - Blackhawks : 2.
14:50 of 3rd period - Eric Lindros wins face-off versus Scott Gomez in neutral zone.
14:53 of 3rd period - George Parros is hit by Eric Lindros and loses puck.
14:59 of 3rd period - Off-side.
15:00 of 3rd period - Scott Gomez wins face-off versus Eric Lindros in neutral zone.
15:21 of 3rd period - Wrist shot by Henrik Zetterberg.
15:21 of 3rd period - Shot Misses the Net.
15:27 of 3rd period - Slapshot by Scott Gomez.
15:27 of 3rd period - Goal by Scott Gomez - Bruins : 3 - Blackhawks : 3.
15:28 of 3rd period - Oleg Kvasha wins face-off versus Eric Lindros in neutral zone.
15:53 of 3rd period - Steve McCarthy is hit by Scottie Upshall and loses puck.
16:14 of 3rd period - Snap shot by Kris Versteeg.
16:14 of 3rd period - Stopped by Karri Ramo with a rebound.
16:20 of 3rd period - Kris Versteeg is hit by Matt Hendricks and loses puck.
16:32 of 3rd period - Steve McCarthy is hit by Mark Stuart and loses puck.
17:00 of 3rd period - Minor Penalty to Henrik Zetterberg for Hooking.
17:01 of 3rd period - Daniel Carcillo wins face-off versus Eric Lindros in Blackhawks zone.
19:00 of 3rd period - Penalty to Henrik Zetterberg is over, Henrik Zetterberg is back on ice.
19:07 of 3rd period - Wes O'Neill is hit by Andrew Alberts.
Goals for this period are 1 for Bruins vs 2 for Blackhawks.
Shots for this period are 3 for Bruins vs 10 for Blackhawks.
Overtime #1
0:01 of 1st overtime period - Henrik Zetterberg wins face-off versus Wojtek Wolski in neutral zone.
0:11 of 1st overtime period - Wrist shot by Wojtek Wolski.
0:11 of 1st overtime period - Shot Misses the Net.
0:55 of 1st overtime period - Ryan O'Byrne is hit by Chris Campoli and loses puck.
1:16 of 1st overtime period - Viktor Stalberg is hit by Oleg Kvasha and loses puck.
1:23 of 1st overtime period - Wrist shot by Chris Higgins.
1:23 of 1st overtime period - Shot Misses the Net.
2:54 of 1st overtime period - Jeff Schultz is hit by Ryan O'Byrne and loses puck.
3:13 of 1st overtime period - Snap shot by Scott Gomez.
3:13 of 1st overtime period - Shot Misses the Net.
3:58 of 1st overtime period - John Carlson is hit by Brian Rafalski and loses puck.
4:05 of 1st overtime period - Wojtek Wolski is hit by Daniel Carcillo and loses puck.
4:20 of 1st overtime period - Scott Gomez is hit by Scottie Upshall and loses puck.
Goals for this period are 0 for Bruins vs 0 for Blackhawks.
Shots for this period are 0 for Bruins vs 0 for Blackhawks.
ShootOut
5:00 of 1st overtime period - Penalty Shot by Wojtek Wolski for Bruins.
5:00 of 1st overtime period - Wrist shot by Wojtek Wolski.
5:00 of 1st overtime period - Stopped by Roberto Luongo.
5:00 of 1st overtime period - Penalty Shot by Henrik Zetterberg for Blackhawks.
5:00 of 1st overtime period - Snap shot by Henrik Zetterberg.
5:00 of 1st overtime period - Shot Misses the Net.
5:00 of 1st overtime period - Penalty Shot by Eric Lindros for Bruins.
5:00 of 1st overtime period - Deke by Eric Lindros.
5:00 of 1st overtime period - Goal by Eric Lindros.
5:00 of 1st overtime period - Penalty Shot by Kris Versteeg for Blackhawks.
5:00 of 1st overtime period - Snap shot by Kris Versteeg.
5:00 of 1st overtime period - Stopped by Karri Ramo.
5:00 of 1st overtime period - Penalty Shot by Sydney Crosby for Bruins.
5:00 of 1st overtime period - Backhand shot by Sydney Crosby.
5:00 of 1st overtime period - Goal by Sydney Crosby.
Output by the SimonT Hockey Simulator (STHS) for François Prévost -- Original Page W3C XHTML 1.0 Valid